 Dungeon Crawl Stone Soup version 0.18-a0-1243-g9e52518 (webtiles) character file.

11 ololoev the Firebug (level 2, -1/15 HPs)
             Began as a Deep Elf Fire Elementalist on Feb 5, 2016.
             Slain by a gnoll
             ... wielding a +2 spear of piercing
              (8 damage)
             ... on level 4 of the Dungeon.
             The game lasted 00:02:09 (221 turns).

ololoev the Firebug (Deep Elf Fire Elementalist)     Turns: 221, Time: 00:02:09

Health: -1/15      AC:  2    Str:  5    XL:     2   Next: 17%
Magic:  8/8        EV: 18    Int: 19    God:
Gold:   47         SH:  0    Dex: 20    Spells: 1 memorised, 6 levels left

rFire  . . .     SeeInvis .     f - +1 dagger (speed)
rCold  . . .     Gourm    .     a - +0 robe
rNeg   . . .     Faith    .     (no shield)
rPois  .         Spirit   .     (no helmet)
rElec  .         Dismiss  .     (no cloak)
rCorr  .         Reflect  .     (no gloves)
SustAt .         Harm     .     (no boots)
MR     .....                    (no amulet)
Stlth  +++.......               (no ring)
                                i - ring of wizardry

@: agile, not resistant to hostile enchantments, fairly stealthy
A: no striking features
a: no special abilities

Inventory:

Hand Weapons
 f - a +1 dagger of speed (weapon)
Armour
 a - a +0 robe (worn)
Jewellery
 i - a ring of wizardry (left hand)
Scrolls
 h - a scroll of amnesia
Potions
 d - a potion of cancellation {unknown}
 j - a potion of curing {unknown}
Books
 b - a book of Flames

   Spells                             Type                      Level
   a - Flame Tongue                   Conjuration/Fire             1
   b - Throw Flame                    Conjuration/Fire             2
   c - Conjure Flame                  Conjuration/Fire             3
   d - Inner Flame                    Hexes/Fire                   3
   e - Sticky Flame                   Conjuration/Fire             4
   f - Fireball                       Conjuration/Fire             5
Comestibles
 c - a bread ration


   Skills:
 - Level 2.4 Dodging
 - Level 2.4 Stealth
 + Level 3.3 Spellcasting
 * Level 1.9 Conjurations
 + Level 3.4 Fire Magic


You had 6 spell levels left.
You knew the following spells:

 Your Spells              Type           Power        Failure   Level  Hunger
a - Flame Tongue          Conj/Fire      ##...        2%          1    None


You were on level 4 of the Dungeon.
You were not hungry.

You visited 1 branch of the dungeon, and saw 4 of its levels.

You collected 47 gold pieces.

#.#.# #.# #.####.g.# ..# ..
.........######.###.. ..# #.#
Z##<.g.......... ##.#
#.###.########..###..
...#####.....# ##.##
##.#)#......# .# #..#
.###..#........##.# #.##
.....####......g@.# #.#
#.<...##.....g#### ##.#
....##..........# #.g#
.#########.#....########.#######
##.###..g.gg..(.........
....................##...
.########.#######......#
#.##........####
#......####.#...#

Notes
Turn   | Place    | Note
--------------------------------------------------------------
     0 | D:1      | ololoev the Deep Elf Fire Elementalist began the quest for the Orb.
     0 | D:1      | Reached XP level 1. HP: 10/10 MP: 6/6
    65 | D:1      | Reached XP level 2. HP: 15/15 MP: 0/8
   143 | D:3      | Noticed PeterLawrence's ghost (weakling GrFi)
   219 | D:4      | Noticed namelastname112's ghost (amateur DrGl)
   221 | D:4      | Slain by a gnoll

Dungeon Overview and Level Annotations

Branches:
Dungeon (4/15)
 Temple: D:4-7

Altars:

Annotations:
D:3 PeterLawrence's ghost, weakling GrFi
D:4 namelastname112's ghost, amateur DrGl


Message History

i - a granite ring Put on which piece of jewellery? (? for menu, Esc to quit)
i - a ring of wizardry (left hand)
Found a black potion.
Found a stone staircase leading up.
j - a black potion A gnoll comes into view.
It is wielding a spear of piercing.
The gnoll shouts!
A gnoll comes into view. It is wielding a flail.
The gnoll shouts!
A gnoll comes into view. It is wielding a club.
There is a stone staircase leading up here.
The gnoll hits you from afar with a spear of piercing!
Ouch! That really hurt!
Press: ? - help, v - describe, . - travel
Here: a gnoll, wielding a spear of piercing The floor.
You see here 23 stones.
Namelastname112's ghost (amateur Draconian Gladiator) comes into view.
A centaur skeleton comes into view.
Press: ? - help, v - describe, . - travel
Here: a gnoll, wielding a flail The floor.
Unknown command.
Unknown command.
Read which item? (? for menu, Esc to quit)
As you read the scroll labeled FEFA HYC DOH, it crumbles to dust.
It is a scroll of identify.
Identify which item? (\ to view known items) (? for menu, Esc to quit)
h - a scroll of amnesia Namelastname112's ghost turns its malevolent gaze towards you.
The gnoll completely misses you.
Read which item? (? for menu, Esc to quit)
Okay, then.
Drink which item? (? for menu, Esc to quit)
It was a potion of agility.
You feel agile all of a sudden.
The gnoll hits you from afar with a spear of piercing!
Ouch! That really hurt!
You die...

You could see 2 gnolls and a centaur skeleton (wandering).

Vanquished Creatures
  2 bats
  A giant cockroach (D:1)
  3 goblins
  2 hobgoblins (D:1)
  A rat (D:2)
9 creatures vanquished.

Action                   || total
-------------------------++-------
Melee: Unarmed           ||     1
       Dagger            ||    13
 Cast: Flame Tongue      ||     9
  Use: Scroll            ||     1
       Potion            ||     1

Vault maps used:
D:1:      dpeg_arrival_court
D:2:      grunt_qazlal_sundering
